MID
LANSING LUGNUTS @ GREAT LAKES LOONS
08/02/2099
 
TOP OF THE 1ST
Lansing Lugnuts batting - Pitching for Great Lakes Loons : RHP Federico Pietramellana
Pitching: RHP Federico Pietramellana
Batting: LHB Hugh McPhearson 0-0: Foul Ball, location: 7LSF
0-1: Foul Ball, location: 2F
0-2: Ball
1-2: Foul Ball, location: 9LDF
1-2: Foul Ball, location: 5DF
1-2: Ball
2-2: Foul Ball, location: 7LDF
2-2: Hit by Pitch
Batting: SHB Miguel Dominguez 0-0: Ball
1-0: Ball
2-0: Fly out, F8 (Flyball, 8RM, EV 86.3 MPH)
Batting: LHB Jon Kuduk 0-0: Called Strike
0-1: Ball
1-1: Swinging Strike
1-2: Ball
2-2: Ground out 5-3 (Groundball, 56, EV 65.0 MPH)
Hugh McPhearson to second
Batting: RHB Jason McLaughlin 0-0: Foul Ball, location: 2F
0-1: Ground out 6-3 (Groundball, 6M, EV 88.1 MPH)
Top of the 1st over - 0 runs, 0 hits, 0 errors, 1 left on base; Lansing 0 - Great Lakes 0
BOTTOM OF THE 1ST
Great Lakes Loons batting - Pitching for Lansing Lugnuts : RHP Jon Jackson
Pitching: RHP Jon Jackson
Batting: RHB Austin Vargas 0-0: Ball
1-0: Ball
2-0: SINGLE (Line Drive, 9S, EV 106.9 MPH)
Batting: SHB Tony Naranjo 0-0: Called Strike
Austin Vargas steals 2nd base
0-1: Ball
1-1: Foul Ball, location: 2F
1-2: Ball
2-2: Foul Ball, location: 23F
2-2: Ball
3-2: Foul Ball, location: 2F
3-2: Strikes out looking
Batting: SHB Mark Henning 0-0: Ball
1-0: Ball
2-0: Ball
3-0: Base on Balls
Batting: RHB Bryan Chambers 0-0: Called Strike
0-1: Swinging Strike
0-2: Ball
Wild Pitch!
Austin Vargas to third
Mark Henning to second
1-2: Ball
2-2: Ball
3-2: Strikes out looking
Batting: SHB Jason Phillips 0-0: Foul Ball, location: 2F
0-1: Called Strike
0-2: Ball
1-2: Strikes out swinging
Bottom of the 1st over - 0 runs, 1 hit, 0 errors, 2 left on base; Lansing 0 - Great Lakes 0
TOP OF THE 2ND
Lansing Lugnuts batting - Pitching for Great Lakes Loons : RHP Federico Pietramellana
Batting: LHB Danny Crane 0-0: Ball
1-0: Foul Ball, location: 7LSF
1-1: Called Strike
1-2: Strikes out swinging
Batting: RHB Angel Contreras 0-0: Called Strike
0-1: Ball
1-1: Fly out, F7 (Line Drive, 7S, EV 101.9 MPH)
Batting: LHB Alex Rangel 0-0: Ball
1-0: Called Strike
1-1: Ground out 5-3 (Groundball, 56S, EV 83.1 MPH)
Top of the 2nd over - 0 runs, 0 hits, 0 errors, 0 left on base; Lansing 0 - Great Lakes 0
BOTTOM OF THE 2ND
Great Lakes Loons batting - Pitching for Lansing Lugnuts : RHP Jon Jackson
Batting: RHB Chris Holmes 0-0: Foul Ball, location: 2F
0-1: Called Strike
0-2: Strikes out swinging
Batting: RHB Trent Shere 0-0: Fly out, F8 (Flyball, 89D, EV 89.4 MPH)
Batting: RHB Joe Matthews 0-0: Fly out, F9 (Line Drive, 9LS, EV 88.8 MPH)
Bottom of the 2nd over - 0 runs, 0 hits, 0 errors, 0 left on base; Lansing 0 - Great Lakes 0
TOP OF THE 3RD
Lansing Lugnuts batting - Pitching for Great Lakes Loons : RHP Federico Pietramellana
Batting: LHB Will Houle 0-0: Swinging Strike
0-1: Ball
1-1: Called Strike
1-2: Strikes out swinging
Batting: RHB Travis St. Pierre 0-0: Ball
1-0: Ball
2-0: Fly out, F4 (Popup, 34D, EV 53.1 MPH)
Batting: LHB Hugh McPhearson 0-0: Ground out 4-3 (Groundball, 4, EV 90.6 MPH)
Top of the 3rd over - 0 runs, 0 hits, 0 errors, 0 left on base; Lansing 0 - Great Lakes 0
BOTTOM OF THE 3RD
Great Lakes Loons batting - Pitching for Lansing Lugnuts : RHP Jon Jackson
Batting: LHB Russ Hailer 0-0: Ball
1-0: Ball
2-0: SINGLE (Line Drive, 8RS, EV 87.5 MPH)
Batting: RHB Austin Vargas 0-0: Called Strike
0-1: Ball
1-1: Called Strike
1-2: Strikes out swinging
Batting: SHB Tony Naranjo 0-0: Called Strike
0-1: SINGLE (Groundball, 6MD, EV 101.3 MPH)
Russ Hailer to second
Runner from 2nd tries for 3rd, SAFE, no throw by CF
Batting: SHB Mark Henning 0-0: Ball
1-0: Foul Ball, location: 7LDF
1-1: Swinging Strike
1-2: Strikes out looking
Batting: RHB Bryan Chambers 0-0: Ground out 4-3 (Groundball, 34, EV 84.4 MPH)
Bottom of the 3rd over - 0 runs, 2 hits, 0 errors, 2 left on base; Lansing 0 - Great Lakes 0
TOP OF THE 4TH
Lansing Lugnuts batting - Pitching for Great Lakes Loons : RHP Federico Pietramellana
Batting: SHB Miguel Dominguez 0-0: Called Strike
0-1: Foul Ball, location: 7LSF
0-2: Ball
1-2: Ball
2-2: Ball
3-2: Foul Ball, location: 2F
3-2: SINGLE (Groundball, 4MD, EV 95.6 MPH)
Batting: LHB Jon Kuduk 0-0: Called Strike
0-1: Ball
1-1: Ball
2-1: Called Strike
2-2: Foul Ball, location: 2F
2-2: Foul Ball, location: 2F
2-2: SINGLE (Line Drive, 4MD, EV 96.3 MPH)
Miguel Dominguez to second
Batting: RHB Jason McLaughlin 0-0: Ball
1-0: Ball
2-0: Ball
3-0: Called Strike
3-1: Called Strike
3-2: Fly out, F8 (Flyball, 8RD, EV 94.4 MPH)
Batting: LHB Danny Crane 0-0: Ball
1-0: Ball
2-0: Called Strike
2-1: Swinging Strike
2-2: Ball
3-2: Base on Balls
Miguel Dominguez to third
Jon Kuduk to second
Batting: RHB Angel Contreras 0-0: Ball
1-0: Ball
2-0: Called Strike
2-1: Foul Ball, location: 2F
2-2: Ball
3-2: Foul Ball, location: 5F
3-2: Base on Balls
Miguel Dominguez scores
Jon Kuduk to third
Danny Crane to second
Batting: LHB Alex Rangel 0-0: Foul Ball, location: 2F
0-1: Swinging Strike
0-2: Ball
1-2: Ball
2-2: Strikes out swinging
Batting: LHB Will Houle 0-0: Ball
1-0: Called Strike
1-1: Ball
2-1: Fly out, F7 (Flyball, 7, EV 88.1 MPH)
Top of the 4th over - 1 run, 2 hits, 0 errors, 3 left on base; Lansing 1 - Great Lakes 0
BOTTOM OF THE 4TH
Great Lakes Loons batting - Pitching for Lansing Lugnuts : RHP Jon Jackson
Batting: SHB Jason Phillips 0-0: Foul Ball, location: 9LDF
0-1: Called Strike
0-2: Ball
1-2: Strikes out swinging
Batting: RHB Chris Holmes 0-0: Called Strike
0-1: Called Strike
0-2: Ball
1-2: Ball
2-2: Foul Ball, location: 2F
2-2: Strikes out looking
Batting: RHB Trent Shere 0-0: Swinging Strike
0-1: Called Strike
0-2: Ball
1-2: Ball
2-2: Ball
3-2: Strikes out swinging
Bottom of the 4th over - 0 runs, 0 hits, 0 errors, 0 left on base; Lansing 1 - Great Lakes 0
TOP OF THE 5TH
Lansing Lugnuts batting - Pitching for Great Lakes Loons : RHP Federico Pietramellana
Batting: RHB Travis St. Pierre 0-0: Foul Ball, location: 5F
0-1: Called Strike
0-2: Ball
1-2: Strikes out looking
Batting: LHB Hugh McPhearson 0-0: Ground out 1-3 (Groundball, 13, EV 66.9 MPH)
Batting: SHB Miguel Dominguez 0-0: Ball
1-0: Called Strike
1-1: Ball
2-1: Foul Ball, location: 2F
2-2: Foul Ball, location: 2F
2-2: Strikes out looking
Top of the 5th over - 0 runs, 0 hits, 0 errors, 0 left on base; Lansing 1 - Great Lakes 0
BOTTOM OF THE 5TH
Great Lakes Loons batting - Pitching for Lansing Lugnuts : RHP Jon Jackson
Batting: RHB Joe Matthews 0-0: Ball
1-0: Called Strike
1-1: Ball
2-1: Foul Ball, location: 5SF
2-2: Foul Ball, location: 9LSF
2-2: Ball
3-2: Strikes out looking
Batting: LHB Russ Hailer 0-0: Swinging Strike
0-1: Swinging Strike
0-2: Ball
1-2: Foul Ball, location: 2F
1-2: Strikes out swinging
Batting: RHB Austin Vargas 0-0: Foul Ball, location: 5SF
0-1: Called Strike
0-2: Strikes out swinging wild pitch, reaches first!
Batting: SHB Tony Naranjo 0-0: Ball
1-0: Ball
2-0: Ball
Austin Vargas steals 2nd base
3-0: Called Strike
3-1: Foul Ball, location: 2F
3-2: Base on Balls
Batting: SHB Mark Henning 0-0: Called Strike
0-1: Called Strike
0-2: Ball
1-2: Ball
2-2: 3-RUN HOME RUN (Flyball, 9D, EV 97.5 MPH), Distance : 378 ft
Batting: RHB Bryan Chambers 0-0: Fly out, F3 (Popup, 34, EV 60.0 MPH)
Bottom of the 5th over - 3 runs, 1 hit, 0 errors, 0 left on base; Lansing 1 - Great Lakes 3
TOP OF THE 6TH
Lansing Lugnuts batting - Pitching for Great Lakes Loons : RHP Federico Pietramellana
Batting: LHB Jon Kuduk 0-0: Called Strike
0-1: Foul Ball, location: 3FF
0-2: Strikes out looking
Pitching: RHP Travis Groman
Batting: RHB Jason McLaughlin 0-0: Called Strike
0-1: Swinging Strike
0-2: Strikes out swinging
Batting: LHB Danny Crane 0-0: Ball
1-0: Ball
2-0: Called Strike
2-1: Ball
3-1: Base on Balls
Batting: RHB Angel Contreras 0-0: Swinging Strike
0-1: Foul Ball, location: 9LSF
0-2: Foul Ball, location: 5F
0-2: Ball
1-2: Ball
2-2: Ball
3-2: Strikes out swinging
Top of the 6th over - 0 runs, 0 hits, 0 errors, 1 left on base; Lansing 1 - Great Lakes 3
BOTTOM OF THE 6TH
Great Lakes Loons batting - Pitching for Lansing Lugnuts : RHP Jon Jackson
Batting: SHB Jason Phillips 0-0: Ground out 6-3 (Groundball, 6, EV 106.9 MPH)
Batting: RHB Chris Holmes 0-0: Ball
1-0: Called Strike
1-1: DOUBLE (Flyball, 8LXD, EV 93.1 MPH)
Pitching: RHP Heriberto Mireles
Batting: RHB Trent Shere 0-0: Swinging Strike
0-1: Swinging Strike
0-2: Ball
1-2: Strikes out swinging
Batting: RHB Joe Matthews 0-0: Intentional Walk
Batting: LHB Russ Hailer 0-0: Foul Ball, location: 2F
0-1: Foul Ball, location: 2F
0-2: Strikes out swinging
Bottom of the 6th over - 0 runs, 1 hit, 0 errors, 2 left on base; Lansing 1 - Great Lakes 3
TOP OF THE 7TH
Lansing Lugnuts batting - Pitching for Great Lakes Loons : RHP Travis Groman
Batting: LHB Alex Rangel 0-0: Ball
1-0: Ball
2-0: Ball
3-0: Called Strike
3-1: Base on Balls
Batting: LHB Will Houle 0-0: Ball
1-0: Called Strike
1-1: Called Strike
1-2: Fly out, F9 (Flyball, 9D, EV 106.9 MPH)
Batting: RHB Travis St. Pierre 0-0: Ball
1-0: Ball
2-0: SINGLE (Groundball, 6S, EV 66.9 MPH) (infield hit)
Alex Rangel to second
Batting: LHB Hugh McPhearson 0-0: Foul Ball, location: 5F
0-1: Swinging Strike
0-2: Strikes out looking
Batting: SHB Miguel Dominguez 0-0: Foul Ball, location: 3FF
0-1: Foul Ball, location: 7LDF
0-2: Ball
1-2: Fielders Choice at 3rd, U5 (Groundball, 5, EV 86.3 MPH)
Top of the 7th over - 0 runs, 1 hit, 0 errors, 1 left on base; Lansing 1 - Great Lakes 3
BOTTOM OF THE 7TH
Great Lakes Loons batting - Pitching for Lansing Lugnuts : RHP Heriberto Mireles
Batting: RHB Austin Vargas 0-0: Foul Ball, location: 2F
0-1: Called Strike
0-2: SINGLE (Line Drive, 6D, EV 94.4 MPH)
DELAY Rain delay of 24 minutes in the 7th inning.
Batting: SHB Tony Naranjo 0-0: Ball
1-0: Called Strike
1-1: Ball
2-1: Fly out, F8 (Flyball, 8LM, EV 86.9 MPH)
Batting: SHB Mark Henning 0-0: Hit by Pitch
Austin Vargas to second
Batting: RHB Bryan Chambers 0-0: Foul Ball, location: 7LMF
0-1: Ball
1-1: Swinging Strike
1-2: Strikes out looking
Batting: SHB Jason Phillips 0-0: Called Strike
0-1: Ball
1-1: Ball
2-1: Foul Ball, location: 5F
2-2: Ball
3-2: Fly out, F3 (Popup, 3F, EV 74.4 MPH)
Bottom of the 7th over - 0 runs, 1 hit, 0 errors, 2 left on base; Lansing 1 - Great Lakes 3
TOP OF THE 8TH
Lansing Lugnuts batting - Pitching for Great Lakes Loons : RHP Travis Groman
Pitching: LHP Kyle DeMarco
Now at 1B: Alex Quiroga
Now in LF: Jeff Epperly
Batting: LHB Jon Kuduk 0-0: Ball
1-0: Ball
2-0: Ball
3-0: Called Strike
3-1: Foul Ball, location: 2F
3-2: Base on Balls
Pitching: RHP Adrian Anderson
Batting: RHB Jason McLaughlin 0-0: Swinging Strike
0-1: Called Strike
0-2: Strikes out looking
Batting: LHB Danny Crane 0-0: Swinging Strike
0-1: Ball
1-1: Swinging Strike
1-2: Ball
2-2: Ball
3-2: SINGLE (Flyball, 89S, EV 91.3 MPH)
Jon Kuduk to second
Jon Kuduk to third
Batting: RHB Angel Contreras 0-0: Called Strike
0-1: Ball
1-1: Foul Ball, location: 2F
1-2: Grounds into double play, 6-4-3 (Groundball, 6, EV 82.5 MPH)
Top of the 8th over - 0 runs, 1 hit, 0 errors, 1 left on base; Lansing 1 - Great Lakes 3
BOTTOM OF THE 8TH
Great Lakes Loons batting - Pitching for Lansing Lugnuts : RHP Heriberto Mireles
Batting: RHB Chris Holmes 0-0: Ball
1-0: Foul Ball, location: 9LSFF
1-1: Ball
2-1: Fly out, F9 (Flyball, 9S, EV 90.0 MPH)
Batting: RHB Trent Shere 0-0: Ball
1-0: Swinging Strike
1-1: Foul Ball, location: 2F
1-2: Ground out 6-3 (Groundball, 6M, EV 88.1 MPH)
Pitching: RHP Carlos Silverio
Batting: RHB Joe Matthews 0-0: Ball
1-0: SINGLE (Line Drive, 8RS, EV 103.8 MPH)
Batting: LHB Russ Hailer 0-0: Called Strike
0-1: Ball
1-1: Called Strike
1-2: Ball
Joe Matthews steals 2nd base
2-2: Ball
3-2: Foul Ball, location: 2LF
3-2: Base on Balls
Batting: RHB Jeff Epperly 0-0: Ball
1-0: Foul Ball, location: 5SF
1-1: Ball
2-1: Foul Ball, location: 2F
2-2: Fielders Choice at 2nd, 6-4 (Groundball, 6, EV 104.4 MPH)
Bottom of the 8th over - 0 runs, 1 hit, 0 errors, 2 left on base; Lansing 1 - Great Lakes 3
TOP OF THE 9TH
Lansing Lugnuts batting - Pitching for Great Lakes Loons : RHP Adrian Anderson
Batting: LHB Alex Rangel 0-0: Ball
1-0: Ground out 4-3 (Groundball, 4, EV 89.4 MPH)
Batting: LHB Will Houle 0-0: Called Strike
0-1: Swinging Strike
0-2: Ball
1-2: Strikes out swinging
Batting: RHB Travis St. Pierre 0-0: SINGLE (Groundball, 34D, EV 98.8 MPH)
Batting: LHB Hugh McPhearson 0-0: Ball
1-0: Called Strike
1-1: Ball
2-1: Foul Ball, location: 25F
2-2: Ground out U3 (Groundball, 3, EV 104.4 MPH)
Top of the 9th over - 0 runs, 1 hit, 0 errors, 1 left on base; Lansing 1 - Great Lakes 3
Monday, May 13th , 2024 - OOTP Baseball 24.11 Build 85